 Dungeon Crawl Stone Soup version 0.32-a0-834-geaf45d8 (webtiles) character file.

Game seed: 6207991559692412696

426800 calc the Slayer (level 22, -2/330 HPs)
             Began as a Yellow Draconian Shapeshifter on Mar 24, 2024.
             Was a High Priest of Wu Jian.
             Slain by a vault guard
             ... wielding a +0 great mace
             ... led by a vault warden
              (5 damage)
             ... while petrified by an ancient lich
             ... on level 5 of the Vaults on Mar 25, 2024.
             The game lasted 02:33:34 (43946 turns).

calc the Slayer (Yellow Draconian Shapeshifter)    Turns: 43946, Time: 02:33:34

Health: -2/330     AC: 20    Str: 34    XL:     22   Next: 76%
Magic:  45/46      EV:  0    Int: 17    God:    Wu Jian [*****.]
Gold:   3562       SH:  0    Dex: 12    Spells: 38/45 levels left

rFire   x .          .
                       - Unarmed
rCold   + . .        (shield currently unavailable)
rNeg    + + +        (body armour unavailable)
rPois   ∞            (helmet currently unavailable)
rElec   +            (cloak currently unavailable)
rCorr   +            (gloves currently unavailable)
SInv    +            (boots currently unavailable)
Will    +....        Q - amulet of regeneration
Stlth   ++           w - ring of ice
HPRegen 1.55/turn    y - ring "Soireic" {rElec Int+4 SInv}
MPRegen 0.30/turn

%: no passive effects
@: exhausted, dragon-form, petrified, fugue, in a heavenly storm, flying,
slowed, glowing, studying 3 skills
A: dragon claw, dragon scales, flying, boosted hp, caustic breath, AC +11,
giant, unfitting armour, acidic bite, (cold-blooded), acid resistance, (horns
1), high MP 2, subdued magic 1
}: 2/15 runes: serpentine, barnacled
a: Caustic Breath, Begin Untransformation, Renounce Religion, Wall Jump,
Serpent's Lash, Heavenly Storm


You were on level 5 of the Vaults.
You worshipped Wu Jian.
Wu Jian was extremely pleased with you.
You were a fearsome golden dragon!
You visited 7 branches of the dungeon, and saw 38 of its levels.
You visited the Abyss 2 times.
You also visited: Gauntlet and Ice Cave.

You collected 5569 gold pieces.
You spent 2007 gold pieces at shops.

Inventory:

Missiles
 t - 6 throwing nets (quivered)
Jewellery
 l - a ring of willpower
 w - a ring of ice (left foreclaw)
 y - the ring "Soireic" (right foreclaw) {rElec Int+4 SInv}
   (You acquired it on level 3 of the Snake Pit)

   [ring of see invisible]

   Int+4:     It affects your intelligence (+4).
   rElec:     It insulates you from electricity.
   SInv:      It lets you see invisible.
 A - a ring of positive energy
 Q - an amulet of regeneration (around neck)
 X - the ring of Fiejos {Ice rElec rPois Will- Int+5}
   (You found it on level 4 of the Shoals)

   [ring of ice]

   Ice:       It enhances your ice magic.
   Int+5:     It affects your intelligence (+5).
   rF-:       It makes you vulnerable to fire.
   rC+:       It protects you from cold.
   rElec:     It insulates you from electricity.
   rPois:     It protects you from poison.
   Will-:     It decreases your willpower.
 Y - the amulet "Geoth" {rElec rPois rF+ RegenMP+}
   (You found it on level 13 of the Dungeon)

   [amulet of magic regeneration]

   It increases your rate of magic regeneration.
   rF+:       It protects you from fire.
   rElec:     It insulates you from electricity.
   rPois:     It protects you from poison.
   RegenMP+:  It increases your rate of magic regeneration.
 Z - the ring "Pessaq" {rPois Dex+6 Slay+4 SInv Stlth-}
   (You found it on level 13 of the Dungeon)

   [ring of dexterity]

   Dex+6:     It affects your dexterity (+6).
   Slay+4:    It affects your accuracy & damage with ranged weapons and melee
   (+4).
   rPois:     It protects you from poison.
   SInv:      It lets you see invisible.
   Stlth-:    It makes you less stealthy.
Talismans
 f - a dragon-blood talisman (active)
 k - a storm talisman
Wands
 e - a wand of light (25)
 h - a wand of paralysis (24)
 s - a wand of flame (77)
 x - a wand of digging (12)
 J - a wand of roots (49)
 K - a wand of polymorph (15)
 N - a wand of mindburst (31)
Scrolls
 c - 3 scrolls of fog
 d - 20 scrolls of identify
 i - 15 scrolls of teleportation
 j - 5 scrolls of noise
 q - a scroll of fear
 r - 4 scrolls of poison
 B - 2 scrolls of brand weapon
 D - 4 scrolls of revelation
 E - 5 scrolls of immolation
 F - 6 scrolls of vulnerability
 G - 7 scrolls of amnesia
 R - 3 scrolls of enchant armour
 S - a scroll of blinking
Potions
 a - 7 potions of lignification
 g - 8 potions of heal wounds
 m - 17 potions of curing
 n - 3 potions of resistance
 o - a potion of ambrosia
 u - 3 potions of invisibility
 z - 5 potions of attraction
 C - 6 potions of haste
 I - 7 potions of might
 L - 2 potions of mutation
 O - 5 potions of cancellation
 P - 2 potions of magic
 T - 6 potions of enlightenment
 U - 3 potions of berserk rage {unknown}
 W - 4 potions of brilliance
Miscellaneous
 b - a phial of floods
 p - a box of beasts
 v - a lightning rod (4/4)
 M - a condenser vane
 V - a phantom mirror


   Skills:
 * Level 23.2 Fighting
 - Level 6.9 Dodging
 - Level 9.0 Stealth
 * Level 22.1 Unarmed Combat
 + Level 12.4 Spellcasting
 + Level 6.8 Necromancy
 - Level 8.0 Translocations
 - Level 9.3 Evocations
 * Level 20.8 Shapeshifting


You had 38 spell levels left.
You knew the following spells:

 Your Spells              Type           Power      Damage    Failure   Level
a - Manifold Assault      Tloc           29%        N/A       1%          4
b - Fugue of the Fallen   Necr           25%        N/A       1%          3

Your spell library contained the following spells:

 Spells                   Type           Power      Damage    Failure   Level
 Necrotise                Necr           100%       1d9       1%          1
 Blink                    Tloc           58%        N/A       1%          2
 Lesser Beckoning         Tloc           58%        N/A       1%          2
 Momentum Strike          Conj/Tloc      36%        3d9       1%          2
 Gell's Gravitas          Tloc           29%        N/A       1%          3
 Teleport Other           Tloc           29%        N/A       1%          3
 Volatile Blastmotes      Fire/Tloc      36%        2d13      2%          3
 Cigotuvi's Dreadful Rot  Necr/Alch/Air  28%        N/A       3%          2
 Animate Dead             Necr           25%        N/A       3%          4
 Dispel Undead            Necr           25%        3d12      3%          4
 Foxfire                  Conj/Fire      32%        2x1d5     5%          1
 Freeze                   Ice            48%        1d6       5%          1
 Jinxbite                 Hex            16%        N/A       8%          2
 Mercury Vapours          Alch/Air       16%        N/A       8%          2
 Scorch                   Fire           16%        2d5       8%          2
 Static Discharge         Conj/Air       16%        3-4/arc   8%          2
 Curse of Agony           Necr           25%        N/A       10%         5
 Dimensional Bullseye     Hex/Tloc       9%         N/A       11%         4
 Iskenderun's Mystic Bla  Conj/Tloc      18%        2d6       11%         4
 Confusing Touch          Hex            8%         N/A       17%         3
 Dazzling Flash           Conj/Hex       16%        N/A       17%         3
 Frozen Ramparts          Ice            24%        1d4       17%         3
 Inner Flame              Hex/Fire       8%         N/A       17%         3
 Mephitic Cloud           Conj/Alch/Air  8%         N/A       17%         3
 Ozocubu's Armour         Ice            12%        N/A       17%         3
 Passwall                 Erth           8%         N/A       17%         3
 Stone Arrow              Conj/Erth      16%        3d8       17%         3
 Summon Ice Beast         Ice/Summ       12%        N/A       17%         3
 Tukima's Dance           Hex            8%         N/A       17%         3
 Borgnjor's Vile Clutch   Necr/Erth      8%         N/A       36%         5
 Airstrike                Air            4%         2d(1-17)  50%         4
 Cause Fear               Hex            4%         N/A       50%         4
 Flame Wave               Conj/Fire      8%         2d5       50%         4
 Ignite Poison            Fire/Alch      8%         N/A       50%         4
 Petrify                  Alch/Erth      8%         N/A       50%         4
 Summon Lightning Spire   Summ/Air       8%         N/A       50%         4
 Death Channel            Necr           12%        N/A       50%         6
 Freezing Cloud           Conj/Ice/Air   6%         6-21      86%         5
 Irradiate                Conj/Alch      4%         3d13      86%         5
 Iskenderun's Battlesphe  Conj           8%         2d6       86%         5
 Silence                  Hex/Air        4%         N/A       86%         5
 Summon Mana Viper        Hex/Summ       8%         N/A       86%         5
 Yara's Violent Unravell  Hex/Alch       4%         3d4       86%         5
 Bombard                  Conj/Erth      4%         9d2       100%        6
 Permafrost Eruption      Ice/Erth       6%         2x4d3     100%        6
 Plasma Beam              Fire/Air       4%         2x1d14    100%        6
 Starburst                Conj/Fire      4%         6d3       100%        6
 Summon Cactus Giant      Summ           4%         N/A       100%        6
 Monstrous Menagerie      Summ           4%         N/A       100%        7
 Spellforged Servitor     Conj/Summ      4%         N/A       100%        7
 Ignition                 Fire           4%         3d4       100%        8
 Infestation              Necr           12%        N/A       100%        8
 Lehudib's Crystal Spear  Conj/Erth      4%         10d3      100%        8
 Chain Lightning          Conj/Air       4%         3d5       100%        9
 Fire Storm               Conj/Fire      4%         8d1       100%        9
 Shatter                  Erth           4%         3d7*      100%        9
 Animate Armour           Summ/Erth      Unusable   N/A       N/A         4

Dungeon Overview and Level Annotations

Branches:
Dungeon (15/15)            Temple (0/1) D:6            Lair (5/5) D:9
 Shoals (4/4) Lair:3        Snake (4/4) Lair:2        Slime (0/5) Lair:5
    Orc (2/2) D:12            Elf (3/3) Orc:2        Vaults (5/5) D:13
  Crypt (0/3) Vaults:2     Depths (0/4) D:15          IceCv (visited)
Gauntlet (visited)

Altars:
Cheibriados
Elyvilon
Gozag
Ru
Sif Muna
Trog
Wu Jian
Beogh
Lugonu

Shops:
D:6 :   D:8 =*!   D:15 :   Orc:1 (   Orc:2 ?(=?(   Elf:2 =   Elf:3 ?
Shoals:3 :   Shoals:4 :   Snake:2 :![!   Vaults:2 ?   Vaults:3 *[

Portals:
Abyss: Lair:5
Trove: Elf:2 (give 11 potions of heal wounds)

Annotations:
Lair:4 Urug
Vaults:5 Saint Roka


Innate Abilities, Weirdness & Mutations

You are a fearsome golden dragon!
You have a powerful clawing attack.
Your giant scaled body is strong and resilient, but less evasive.
Your breath weapon is enhanced in this form.
You are flying.
Your maximum health is greatly increased.
Your armour is entirely melded.
You are incapable of wielding weapons or throwing items.
You can breathe corrosive fumes.
Your golden yellow scales are hard. (AC +11)
You cannot fit into any form of body armour.
You have acidic saliva.
((You are cold-blooded and may be slowed by cold attacks.))
You are resistant to acid. (rCorr)
((You have a pair of small horns on your head.))
You have a considerably increased reservoir of magic. (+20% MP)
Your spells are a little easier to cast, but a little less powerful.


Message History

The air is filled with shimmering golden clouds!
Sifu Cai Fang says: The storm will not cease as long as you keep fighting, disciple!
Strange energies crackle from the ironbound thunderhulk's apparatus.
The ironbound thunderhulk blinks!
The vault guard hits you with a +0 battleaxe!
* * * LOW HITPOINT WARNING * * *
The freezing wraith hits you but does no damage. x2
Strange energies crackle from the ironbound thunderhulk's apparatus.
The ironbound thunderhulk blinks!
Your limbs are stiffening.
Unknown command.
Unknown command.
You feel much better.
The sentinel's mark upon you fades away.
The ancient lich touches you but does no damage.
The vault guard hits you with a +0 battleaxe!
* * * LOW HITPOINT WARNING * * *
The freezing wraith hits you but does no damage. x2
A yaktaur captain comes into view.
Strange energies crackle from the ironbound thunderhulk's apparatus.
The ironbound thunderhulk blinks!
The ancient lich casts a spell.
The ancient lich seems to speed up.
The vault guard barely misses you. The freezing wraith hits you.
* * * LOW HITPOINT WARNING * * *
The freezing wraith freezes you. You resist.
* * * LOW HITPOINT WARNING * * *
The freezing wraith hits you!
* * * LOW HITPOINT WARNING * * *
The freezing wraith drains your vigour!
You feel yourself slow down.
You have turned to stone.
You hear a shout! x2
The ancient lich touches you.
* * * LOW HITPOINT WARNING * * *
Strange energies crackle from the ironbound thunderhulk's apparatus.
The ironbound thunderhulk blinks!
The vault guard hits you with a +0 battleaxe!
* * * LOW HITPOINT WARNING * * *
The freezing wraith hits you but does no damage. x2
The vault guard hits you with a +0 great mace!
You die... pCOp.p.)$

######))#
#)..)..#
#......#
####
######## #
#.)# # #.
#..#
#.☼####..#
#.cpDp○..#
#.☼L○WO..#
#.§####..#
#O. #..#
#.
#..XC..#
#.
#)$.T..# #
#####..# #
..# # # .#
#. #


You could see an ancient lich (fast), an ironbound thunderhulk (fleeing), a
yaktaur captain, 2 vault guards and a freezing wraith.

Vanquished Creatures
  Bai Suzhen (Elf:3)
  Vashnia (Snake:2)
  Norris (Elf:1)
  The ghost of Oghesh the Warrior, an adept GrIE of Ashenzari (Vaults:4)
  A lich (IceCv)
  A tentacled monstrosity (Vaults:5)
  The ghost of Vobeq the Warrior, an adept MDRe of Hepliaklqana (Vaults:4)
  2 krakens
  3 deep elf master archers (Elf:3)
  4 deep elf blademasters
  A titan (Vaults:5)
  3 sphinxes
  3 quicksilver dragons
  Agnes (Snake:2)
  Kirke (Shoals:1)
  3 shadow dragons (Vaults:5)
  Aizul (Snake:2)
  3 nagarajas (Snake:4)
  A storm dragon (Vaults:2)
  Donald (Shoals:1)
  Ilsuiw (Shoals:1)
  2 fire giants (Vaults:5)
  Louise (D:14)
  23 vault wardens
  3 frost giants
  10 deep elf sorcerers
  A balrug (Orc:1)
  3 deep elf elementalists
  6 very ugly things
  2 orc warlords
  21 ironbound preservers
  4 stone giants
  4 formless jellyfish
  5 ironbound thunderhulks
  4 deep elf demonologists
  A starcursed mass (Abyss:2)
  A starflower (Abyss:2)
  11 deep elf death magi
  11 deep elf annihilators
  A minotaur (Gauntlet)
  12 dire elephants
  3 war gargoyles
  An ettin (Vaults:5)
  A crystal guardian (Vaults:2)
  3 entropy weavers
  13 merfolk impalers
  3 merfolk javelineers
  7 deep elf high priests
  8 yaktaur captains
  6 great orbs of eyes
  2 caustic shrike simulacra (IceCv)
  A rakshasa (D:15)
  35 vault guards
  5 ogre magi
  2 peacekeepers
  4 salamander tyrants (Snake:4)
  5 hydras
  An alligator snapping turtle (Shoals:1)
  9 ironbound frosthearts
  14 two-headed ogres
  14 centaur warriors
  2 merfolk aquamancers
  3 anacondas (Snake:1)
  26 dancing weapons
  4 merfolk avatars
  10 boulder beetles
  4 satyrs
  13 death yaks
  5 tengu warriors
  5 orc high priests
  A hell hog (Abyss:2)
  3 deep troll earth magi (Vaults:1)
  A vampire mage (Vaults:2)
  3 thrashing horrors (Lair:5)
  8 naga warriors
  14 naga sharpshooters
  3 shock serpents
  A sun demon (Abyss:2)
  22 deep elf knights
  Nergalle (D:12)
  A skyshark (shapeshifter) (Vaults:5)
  11 skysharks
  Sonja (D:11)
  A salamander mystic (Snake:3)
  A sixfirhy (Abyss:2)
  A golden dragon zombie (Vaults:4)
  A death drake (shapeshifter) (Vaults:2)
  4 skeletal warriors (D:12)
  8 mana vipers
  16 sea snakes
  4 bog bodies (IceCv)
  A spriggan simulacrum (IceCv)
  50 deep trolls
  2 glowing orange brains
  47 slime creatures
  10 arcanists
  An obsidian statue (IceCv)
  13 deep elf archers
  15 ironbound convokers
  A phantasmal warrior (Vaults:5)
  6 orc knights
  A harpy (shapeshifter) (D:15)
  4 naga ritualists
  12 lindwurms
  29 deep elf zephyrmancers
  12 thermic dynamos
  An obsidian bat (Orc:1)
  An oklob plant (Gauntlet)
  10 harpies
  32 deep elf pyromancers
  6 necromancers
  10 cyclopes
  4 orc sorcerers
  37 ugly things
  A large abomination (Lair:5)
  23 manticores
  10 fauns
  7 salamanders
  Maurice (D:7)
  7 merfolk sirens
  44 black mambas
  18 elephants
  10 guardian serpents
  7 naga magi
  17 vault sentinels
  5 water nymphs
  3 kobold blastminers
  A torpor snail (Lair:5)
  An unseen horror (D:10)
  2 rime drakes
  Maggie (D:7)
  14 cane toads
  3 gargoyles
  9 komodo dragons
  13 freezing wraiths (IceCv)
  2 efreet (D:13)
  25 yaktaurs
  A yaktaur skeleton (Vaults:4)
  An ice devil (IceCv)
  5 anaconda simulacra (IceCv)
  2 golden dragon simulacra
  A polar bear (D:9)
  26 merfolk
  An ancient zyme (Abyss:2)
  9 trolls
  5 wind drakes
  18 blink frogs
  A hornet (D:15)
  A hornet (shapeshifter) (Lair:5)
  16 snapping turtles
  3 alligator simulacra (IceCv)
  4 raiju
  6 dream sheep
  A centaur simulacrum (D:14)
  4 vampires
  2 wraiths (D:13)
  4 air elementals
  3 wyverns
  A shadow (D:13)
  37 yaks
  3 ynoxinuls (Lair:5)
  5 water elementals
  2 spriggans
  3 dire elephant simulacra (IceCv)
  A golden eye (shapeshifter) (Elf:3)
  5 hogs (Shoals:1)
  2 redbacks
  9 wargs
  4 fire elementals
  11 vampire mosquitoes
  17 basilisks
  3 steam dragons
  4 chaos spawn
  2 harpy simulacra (IceCv)
  Menkaure (D:4)
  3 minotaur simulacra (IceCv)
  11 small abominations
  4 acid dragons
  31 nagas
  A hydra simulacrum (IceCv)
  17 water moccasins
  A glowing shapeshifter skeleton (Vaults:4)
  22 orc warriors
  2 black bears
  5 ice beasts (D:9)
  A laughing skull (D:13)
  3 ettin simulacra (IceCv)
  19 wolves
  10 boggarts
  6 ogres
  8 centaurs
  2 kobold brigands
  2 earth elementals
  13 bullfrogs
  A scorpion (D:3)
  2 gnoll sergeants
  A deep troll simulacrum (IceCv)
  4 wights (D:7)
  11 killer bees
  4 lindwurm simulacra (IceCv)
  7 howler monkeys
  4 electric eels
  3 lava snakes (Lair:2)
  3 gnoll boudas
  23 orc priests
  3 hounds
  9 iguanas
  A sleepcap (D:6)
  Natasha (thrice) (D:3)
  26 orc wizards
  2 hell rats (Lair:1)
  24 gnolls
  4 adders
  10 river rats (Lair:1)
  2 shadow imps
  A white imp (D:6)
  2 ribbon worms (D:2)
  83 orcs
  4 endoplasms
  3 giant cockroaches
  6 goblins
  4 hobgoblins
  4 jackals (D:2)
  4 quokkas
  6 ball pythons
  7 bats
  6 frilled lizards
  23 kobolds
  6 rats
  2 tentacles (Shoals:2)
1698 creatures vanquished.

Vanquished Creatures (others)
  6 tentacles
6 creatures vanquished.

Grand Total: 1704 creatures vanquished

Notes
Turn   | Place    | Note
-------+----------+-------------------------------------------
     0 | D:1      | calc the Draconian Shapeshifter began the quest for the
                  | Orb.
     0 | D:1      | Reached XP level 1. HP: 16/16 MP: 1/1
   200 | D:1      | Reached XP level 2. HP: 24/24 MP: 2/2
   293 | D:1      | Reached skill level 2 in Fighting
   672 | D:2      | Reached XP level 3. HP: 30/30 MP: 3/3
   920 | D:2      | Reached skill level 3 in Fighting
  1192 | D:2      | Reached XP level 4. HP: 38/38 MP: 4/4
  1443 | D:3      | Found an ornate altar of the Wu Jian Council.
  1473 | D:3      | Became a worshipper of the Wu Jian Council
  1715 | D:3      | Reached XP level 5. HP: 20/46 MP: 5/5
  1838 | D:3      | Noticed Natasha
  1846 | D:3      | Killed Natasha
  1846 | D:3      | Noticed Natasha
  1847 | D:3      | Reached skill level 4 in Fighting
  1857 | D:3      | Killed Natasha
  1964 | D:3      | Found a bloodstained altar of Trog.
  1986 | D:3      | Found a sacrificial altar of Ru.
  2003 | D:3      | Noticed Natasha
  2009 | D:3      | Killed Natasha
  2010 | D:3      | Reached skill level 5 in Unarmed Combat
  2078 | D:3      | Reached XP level 6. HP: 51/53 MP: 6/6
  2080 | D:3      | Reached * piety under Wu Jian
  2365 | D:4      | Reached skill level 5 in Fighting
  2501 | D:4      | Noticed Menkaure
  2733 | D:4      | Killed Menkaure
  2842 | D:4      | Your scales start taking on a golden yellow colour.
  2842 | D:4      | Reached XP level 7. HP: 33/62 MP: 7/7
  2842 | D:4      | Gained mutation: You are resistant to acid. (rCorr) [Yellow
                  | Draconian growth]
  3300 | D:5      | Entered Level 5 of the Dungeon
  3324 | D:5      | Reached skill level 1 in Stealth
  3633 | D:5      | Reached ** piety under Wu Jian
  4111 | D:5      | Reached XP level 8. HP: 59/70 MP: 8/8
  4300 | D:6      | Reached skill level 5 in Shapeshifting
  4559 | D:6      | Reached skill level 5 in Stealth
  4574 | D:6      | Reached XP level 9. HP: 15/75 MP: 9/9
  5004 | D:6      | Found Lobbawih's Book Shoppe.
  5081 | D:6      | Found a staircase to the Ecumenical Temple.
  5389 | D:6      | Found an opulent altar of Gozag.
  5717 | D:6      | Reached skill level 6 in Fighting
  5990 | D:7      | Noticed Maurice
  5999 | D:7      | Maurice stole a serpent talisman
  6008 | D:7      | Something stole a ring of resist corrosion
  6014 | D:7      | Something stole 428 gold
  6033 | D:7      | Killed Maurice
  6033 | D:7      | Reached *** piety under Wu Jian
  6204 | D:7      | Noticed Maggie
  6220 | D:7      | Killed Maggie
  6327 | D:7      | Found a white marble altar of Elyvilon.
  6538 | D:7      | Found a snail-covered altar of Cheibriados.
  6580 | D:7      | Reached XP level 10. HP: 80/83 MP: 10/10
  7071 | D:8      | Found Zenati's Distillery.
  7091 | D:8      | Bought a potion of might for 44 gold pieces
  7091 | D:8      | Bought a potion of might for 44 gold pieces
  7091 | D:8      | Bought a potion of haste for 110 gold pieces
  7112 | D:8      | Found Menimyr's Assorted Antiques.
  7116 | D:8      | Bought a potion of curing for 93 gold pieces
  7116 | D:8      | Bought a scroll labelled WOIM ZEELUI for 31 gold pieces
  7395 | D:8      | Found Iziuczo's Jewellery Shoppe.
  7564 | D:8      | Noticed a two-headed ogre
  7574 | D:8      | Killed a two-headed ogre
  8162 | D:9      | Reached skill level 7 in Fighting
  8609 | D:9      | Noticed a two-headed ogre
  8644 | D:9      | Noticed a two-headed ogre
  8654 | D:9      | Killed a two-headed ogre
  8794 | D:9      | Found a staircase to the Lair.
  8881 | D:9      | Reached skill level 1 in Evocations
  8899 | D:9      | Noticed a two-headed ogre
  8907 | D:9      | Killed a two-headed ogre
  8908 | D:9      | Reached XP level 11. HP: 85/94 MP: 11/11
  9325 | D:10     | Entered Level 10 of the Dungeon
  9551 | D:10     | Noticed a two-headed ogre
  9557 | D:10     | Killed a two-headed ogre
  9558 | D:10     | Reached skill level 8 in Fighting
  9961 | D:10     | Reached skill level 10 in Shapeshifting
 10034 | D:10     | Found a shimmering blue altar of Sif Muna.
 10102 | D:10     | Reached skill level 10 in Unarmed Combat
 10275 | D:11     | Noticed a purple ugly thing
 10278 | D:11     | Killed a purple ugly thing
 10352 | D:11     | Noticed Sonja
 10368 | D:11     | Killed Sonja
 10966 | D:11     | Noticed a brown ugly thing
 10975 | D:11     | Killed a brown ugly thing
 11012 | D:11     | You fall into a shaft and drop 2 floors!
 11217 | D:12     | Noticed Nergalle
 11284 | D:12     | Noticed a brown ugly thing
 11292 | D:12     | Killed a brown ugly thing
 11370 | D:12     | Reached skill level 9 in Fighting
 11370 | D:12     | Reached XP level 12. HP: 104/104 MP: 12/12
 11394 | D:12     | Reached **** piety under Wu Jian
 11487 | Lair:1   | Entered Level 1 of the Lair of Beasts
 12400 | Lair:2   | Noticed a boulder beetle
 12419 | Lair:2   | Killed a boulder beetle
 12420 | Lair:2   | Reached skill level 5 in Evocations
 12597 | Lair:2   | Upgraded the game from 0.32-a0-818-gb728d02 to
                  | 0.32-a0-822-gd708a3a
 13161 | Lair:2   | Found a staircase to the Snake Pit.
 13408 | Lair:3   | Reached skill level 10 in Fighting
 13559 | Lair:3   | Found a staircase to the Shoals.
 13595 | Lair:3   | Reached XP level 13. HP: 112/113 MP: 13/13
 13797 | Lair:3   | Reached ***** piety under Wu Jian
 15026 | Lair:5   | Entered Level 5 of the Lair of Beasts
 15077 | Lair:5   | Noticed Urug
 15247 | Lair:5   | Paralysed by Urug for 3 turns
 15453 | Lair:5   | Found a staircase to the Slime Pits.
 15769 | Lair:5   | Reached skill level 11 in Fighting
 16262 | Lair:5   | Gained mutation: You have acidic saliva. [Yellow Draconian
                  | growth]
 16262 | Lair:5   | Reached XP level 14. HP: 102/124 MP: 14/14
 17308 | Lair:5   | Found a corrupted altar of Lugonu.
 17308 | Lair:5   | Found a one-way gate to the infinite horrors of the Abyss.
 18271 | D:12     | Killed Nergalle
 18598 | D:12     | Found a staircase to the Orcish Mines.
 18918 | D:13     | Reached skill level 15 in Unarmed Combat
 18956 | D:13     | Reached skill level 12 in Fighting
 19095 | D:13     | Identified the amulet "Geoth" {rElec rPois rF+ RegenMP+}
 19106 | D:13     | Identified the ring "Pessaq" {rPois Dex+6 Slay+4 SInv
                  | Stlth-}
 19505 | D:13     | Found a gate to the Vaults.
 19634 | D:13     | Reached ****** piety under Wu Jian
 19635 | D:13     | Reached XP level 15. HP: 131/131 MP: 15/15
 20457 | D:14     | Reached skill level 15 in Shapeshifting
 20519 | D:14     | Noticed Louise
 20530 | D:14     | Killed Louise
 20880 | D:14     | Reached skill level 5 in Dodging
 21217 | D:14     | Reached skill level 13 in Fighting
 21251 | D:15     | Entered Level 15 of the Dungeon
 21251 | D:15     | Found Plog's Book Emporium.
 21254 | D:15     | Bought a book of Battle for 390 gold pieces
 21512 | D:15     | Reached skill level 1 in Spellcasting
 21521 | D:15     | Noticed a frost giant
 21525 | D:15     | Killed a frost giant
 21576 | D:15     | Found a staircase to the Depths.
 22061 | Orc:1    | Entered Level 1 of the Orcish Mines
 22063 | Orc:1    | Found Koupybaeh's Antique Weapon Shop.
 22461 | Orc:1    | Found a roughly hewn altar of Beogh.
 22596 | Orc:1    | Found a runed translucent door.
 22655 | Orc:2    | Entered Level 2 of the Orcish Mines
 22657 | Orc:2    | Found a gate leading to a gauntlet.
 22691 | Gauntlet | Entered a Gauntlet
 22691 | Gauntlet | Found a transporter.
 22691 | Gauntlet | Found a transporter.
 22693 | Gauntlet | Found a transporter.
 22694 | Gauntlet | Found a transporter.
 22696 | Gauntlet | Found a transporter.
 22736 | Gauntlet | Found a transporter.
 22739 | Gauntlet | Found a transporter.
 22739 | Gauntlet | Found a transporter.
 22755 | Gauntlet | Found a transporter.
 22769 | Gauntlet | Found a transporter.
 22779 | Gauntlet | Found a transporter.
 22794 | Gauntlet | Found a transporter.
 22816 | Gauntlet | Found a transporter.
 22833 | Gauntlet | Found a transporter.
 23031 | Gauntlet | Reached XP level 16. HP: 141/141 MP: 19/19
 23084 | Gauntlet | Identified the +4 chain mail of Benevolence {Rampage Dex+3}
 23185 | Orc:2    | Found Edou's Antique Weapon Shop.
 23378 | Orc:2    | Found a roughly hewn altar of Beogh.
 23473 | Orc:2    | Found a staircase to the Elven Halls.
 23559 | Orc:2    | Reached skill level 14 in Fighting
 23559 | Orc:2    | Found Ocus's Magic Scroll Shoppe.
 23559 | Orc:2    | Found Vasemp's Weapon Boutique.
 23561 | Orc:2    | Found Sili's Jewellery Shoppe.
 23561 | Orc:2    | Found Ceczenim's Magic Scroll Boutique.
 23680 | Orc:2    | Bought a scroll of teleportation for 39 gold pieces
 23680 | Orc:2    | Bought a scroll of teleportation for 39 gold pieces
 23704 | Orc:2    | Bought a scroll of teleportation for 39 gold pieces
 23704 | Orc:2    | Bought a scroll of teleportation for 39 gold pieces
 23917 | Elf:1    | Entered Level 1 of the Elven Halls
 24041 | Elf:1    | Noticed Norris
 24075 | Elf:1    | Killed Norris
 24256 | Elf:1    | Reached skill level 15 in Fighting
 25037 | Elf:1    | Reached skill level 16 in Fighting
 25461 | Elf:2    | Learned a level 4 spell: Manifold Assault
 25478 | Elf:2    | Found a portal to a secret trove of treasure.
 25483 | Elf:2    | Identified the +4 leather armour of Conscience {rElec Will-
                  | Str+4 Int+2}
 25669 | Elf:2    | Got Peforen's Codex of Sand
 25690 | Elf:2    | Reached XP level 17. HP: 158/158 MP: 23/23
 25705 | Elf:2    | Got Ts'ui Pên's Book of Forking Paths
 25730 | Elf:2    | Reached skill level 1 in Translocations
 25749 | Elf:2    | Got the Compilation of Dhcmrlchtdj
 25802 | Elf:2    | Found Janu's Jewellery Emporium.
 25838 | Elf:2    | Found a runed translucent gate.
 25839 | Elf:2    | Found a runed translucent gate.
 25839 | Elf:2    | Found a runed translucent gate.
 26340 | Elf:2    | Noticed a deep elf blademaster
 26349 | Elf:2    | Killed a deep elf blademaster
 26708 | Elf:2    | Reached skill level 5 in Spellcasting
 26709 | Elf:2    | Reached skill level 17 in Fighting
 27099 | Elf:3    | Entered Level 3 of the Elven Halls
 27169 | Elf:3    | Noticed Bai Suzhen
 27169 | Elf:3    | Paralysed by an air elemental for 1 turns
 27183 | Elf:3    | Killed Bai Suzhen
 27355 | Elf:3    | Found Mahupresk's Magic Scroll Boutique.
 27363 | Elf:3    | Bought a scroll of revelation for 105 gold pieces
 27363 | Elf:3    | Bought a scroll of revelation for 105 gold pieces
 27363 | Elf:3    | Bought a scroll of revelation for 105 gold pieces
 27640 | Abyss:2  | Cast into level 2 of the Abyss (a deep elf demonologist)
 27664 | Abyss:2  | Found a shimmering altar of Xom.
 28216 | Elf:3    | Escaped the Abyss
 28217 | Elf:3    | Noticed a deep elf blademaster
 28226 | Elf:3    | Killed a deep elf blademaster
 28233 | Elf:3    | Noticed a deep elf blademaster
 28236 | Elf:3    | Noticed a deep elf blademaster
 28309 | Elf:3    | Killed a deep elf blademaster
 28309 | Abyss:2  | Cast into level 2 of the Abyss (a deep elf sorcerer)
 28350 | Abyss:2  | Reached skill level 18 in Fighting
 28355 | Elf:3    | Escaped the Abyss
 28356 | Elf:3    | Killed a deep elf blademaster
 28374 | Elf:3    | Reached XP level 18. HP: 172/172 MP: 26/26
 28388 | Elf:3    | Identified the +8 morningstar "Heavvaf" {flame, rC+}
 28419 | Elf:3    | Paralysed by an air elemental for 1 turns
 28437 | Elf:3    | Reached skill level 19 in Fighting
 28662 | Elf:3    | Identified the +0 ring mail of Uthahe {Rampage rF+ Str+2}
 28785 | Elf:3    | Identified the +5 sling of Okawaru's Delight {antimagic,
                  | Str+3 Int+4}
 28835 | Elf:3    | Identified the +0 chain mail of the Carpenter {-Tele ^Drain
                  | rPois Dex+9}
 29139 | Snake:1  | Entered Level 1 of the Snake Pit
 29166 | Snake:1  | Reached skill level 5 in Translocations
 29279 | Snake:1  | Found a glacial archway.
 29285 | IceCv    | Entered an ice cave
 29628 | IceCv    | Found the +4 skin of Zhor {*Englaciate rC+++ SInv}
 29664 | IceCv    | Found an ancient bone altar of Kikubaaqudgha.
 29819 | IceCv    | Noticed a lich
 29830 | IceCv    | Killed a lich
 29869 | IceCv    | Got the Compilation of Cruentate Firn
 30127 | Snake:1  | Identified the +0 pair of boots of the Thistle {Str+3
                  | Dex+5}
 30531 | Snake:1  | Upgraded the game from 0.32-a0-822-gd708a3a to
                  | 0.32-a0-834-geaf45d8
 30548 | Snake:2  | Identified the serpent talisman of the Aged Wonders {Fly
                  | Str-3 Int+8 Slay-2}
 30548 | Snake:2  | Noticed Aizul
 30553 | Snake:2  | Killed Aizul
 30590 | Snake:2  | Identified the +6 rapier "Ziutel" {speed, rCorr}
 30729 | Snake:2  | Noticed Agnes
 30731 | Snake:2  | Killed Agnes
 30870 | Snake:2  | Found Maum's Antique Armour Shop.
 30870 | Snake:2  | Found Visaz's Distillery.
 30872 | Snake:2  | Found Ripagiry's Distillery.
 30875 | Snake:2  | Bought a potion of haste for 140 gold pieces
 30875 | Snake:2  | Bought a potion of resistance for 140 gold pieces
 30875 | Snake:2  | Bought a potion of resistance for 140 gold pieces
 30875 | Snake:2  | Bought a potion of might for 56 gold pieces
 30875 | Snake:2  | Found Rewot's Book Boutique.
 30884 | Snake:2  | Bought a potion of curing for 36 gold pieces
 30884 | Snake:2  | Bought a potion of heal wounds for 60 gold pieces
 30884 | Snake:2  | Bought a potion of mutation for 96 gold pieces
 30931 | Snake:2  | Noticed Vashnia
 30933 | Snake:2  | Killed Vashnia
 30938 | Snake:2  | Reached XP level 19. HP: 183/183 MP: 29/29
 31076 | Snake:2  | You are sucked into a shaft and drop 1 floor!
 31359 | Snake:3  | Identified a scroll of acquirement
 31369 | Snake:3  | Acquired the ring "Soireic" {rElec Int+4 SInv}
 32426 | Snake:3  | Reached skill level 20 in Fighting
 32818 | Snake:4  | Entered Level 4 of the Snake Pit
 33252 | Snake:4  | Got a serpentine rune of Zot
 33824 | Shoals:1 | Entered Level 1 of the Shoals
 33825 | Shoals:1 | Noticed Kirke
 33843 | Shoals:1 | Killed Kirke
 34012 | Shoals:1 | Noticed Donald
 34024 | Shoals:1 | Killed Donald
 34054 | Shoals:1 | Identified the +10 battleaxe of the Aged Friends
                  | {antimagic, Int+3 Stlth+}
 34680 | Shoals:2 | Noticed Ilsuiw
 34685 | Shoals:1 | Killed Ilsuiw
 35255 | Shoals:2 | Identified the amulet of Mirth {Acrobat Will+}
 35646 | Shoals:3 | Reached XP level 20. HP: 167/195 MP: 32/32
 36203 | Shoals:3 | Found Uzerhut's Self-Improvement Boutique.
 36309 | Shoals:4 | Entered Level 4 of the Shoals
 36512 | Shoals:4 | Identified the ring of Fiejos {Ice rElec rPois Will- Int+5}
 36763 | Shoals:4 | Got a barnacled rune of Zot
 37040 | Shoals:4 | Got Zoekhlimn's Tome of Concussion
 37058 | Shoals:4 | Found Wulaan's Book Shop.
 37072 | Shoals:4 | Reached skill level 21 in Fighting
 37899 | Vaults:1 | Entered Level 1 of the Vaults
 37955 | Vaults:1 | Learned a level 3 spell: Fugue of the Fallen
 38143 | Vaults:1 | Reached skill level 1 in Necromancy
 38928 | Vaults:1 | Identified the +9 orcbow of Desertification {drain, rElec
                  | rN+ Str+3 Dex+3}
 38990 | Vaults:1 | Got Seuqik's Encyclopedia of Anathema
 38992 | Vaults:1 | Got Sif Muna's Quarto of Smoking Carrion
 39155 | Vaults:2 | Acquired a manual of Spellcasting
 39230 | Vaults:2 | Reached XP level 21. HP: 205/205 MP: 30/34
 39810 | Vaults:2 | Reached skill level 10 in Spellcasting
 39845 | Vaults:2 | Reached skill level 22 in Fighting
 39863 | Vaults:2 | Found Neluciy's Magic Scroll Shop.
 40018 | Vaults:2 | Gained mutation: You occasionally lose the ability to read
                  | scrolls when taking damage. [potion of mutation]
 40018 | Vaults:2 | Gained mutation: You are weak. (Str -2) [potion of
                  | mutation]
 40019 | Vaults:2 | Lost mutation: You occasionally lose the ability to read
                  | scrolls when taking damage. [potion of mutation]
 40019 | Vaults:2 | Lost mutation: You are weak. (Str -2) [potion of mutation]
 40019 | Vaults:2 | Gained mutation: You have a pair of small horns on your
                  | head. [potion of mutation]
 40019 | Vaults:2 | Gained mutation: Your spells are a little easier to cast,
                  | but a little less powerful. [potion of mutation]
 40019 | Vaults:2 | Gained mutation: You have an increased reservoir of magic.
                  | (+10% MP) [potion of mutation]
 40019 | Vaults:2 | Gained mutation: You have a considerably increased
                  | reservoir of magic. (+20% MP) [potion of mutation]
 40540 | Vaults:2 | Found a staircase to the Crypt.
 40773 | Vaults:3 | Found Roich's Armour Shop.
 40976 | Vaults:3 | Found Erisi's General Store.
 40980 | Vaults:3 | Bought a scroll of fear for 56 gold pieces
 40980 | Vaults:3 | Bought a wand of paralysis (3) for 100 gold pieces
 41354 | Vaults:3 | Reached skill level 5 in Necromancy
 41697 | Vaults:3 | You are sucked into a shaft and drop 1 floor!
 41766 | Vaults:4 | Reached XP level 22. HP: 217/217 MP: 44/44
 42729 | Vaults:4 | Found a large runed translucent door.
 42729 | Vaults:4 | Found a large runed translucent door.
 42729 | Vaults:4 | Noticed Vobeq's ghost (adept MDRe)
 42729 | Vaults:4 | Noticed Oghesh's ghost (adept GrIE)
 42745 | Vaults:4 | Killed Oghesh's ghost
 42751 | Vaults:4 | Killed Vobeq's ghost
 43451 | Vaults:3 | Acquired a manual of Spellcasting
 43453 | Vaults:3 | Acquired 434 gold pieces
 43455 | Vaults:3 | Acquired 1131 gold pieces
 43562 | Vaults:5 | Entered Level 5 of the Vaults
 43583 | Vaults:5 | Reached skill level 23 in Fighting
 43855 | Vaults:5 | Noticed Saint Roka
 43859 | Vaults:5 | Identified the +7 orcbow of Geur {drain, ^Drain Will+
                  | Int+4}
 43882 | Vaults:5 | Identified the amulet of New Discoveries {Faith ^Fragile
                  | rPois Str-3 Dex+7}
 43942 | Vaults:5 | Noticed an ancient lich
 43943 | Vaults:5 | HP: 10/330 [vault guard/+0 battleaxe[a vault warden] (13)]
 43946 | Vaults:5 | HP: 3/330 [vault guard/+0 battleaxe[a vault warden] (6)]
 43946 | Vaults:5 | Slain by a vault guard

Illustrated notes

Levels and vault maps discovered:
D:1:      scummos_arrival_star, layout_loops_ring
D:2:      layout_basic, corner_web_ring, minmay_octomino_c4
D:3:      layout_loops_ring, mainiacjoe_overflow_concentric_impassable,
          jmf_multi_god_temple2, grunt_decor_one_mirror, uniq_natasha
D:4:      layout_basic, uniq_menkaure
D:5:      layout_loops_ring, nrook_loot_triangle
D:6:      layout_basic, grunt_gozag_breadcrumbs,
          minmay_temple_entry_statues_fountains, serial_shops, shop,
          st_stairs_13, serial_park_tiny_2, hangedman_decor_lopped
D:7:      layout_cave_pods, elyvilon_altar_3, general_overflow_altar,
          amethyst_killhole, uniq_maggie, uniq_maurice
D:8:      layout_loops_ring, serial_shops, nicolae_shop_gaudy_bauble,
          nicolae_shop_competitors_out_of_business, shop,
          kennysheep_another_room, kennysheep_generic_room_9
D:9:      layout_loops_ring, hellmonk_lair_entry_icy, nicolae_fountain_basement
D:10:     layout_roguey, mainiacjoe_overflow_alcove_2, minmay_misc_feat_pillars
D:11:     layout_gridville, uniq_sonja
D:12:     layout_basic, orc_0_dummy, uniq_nergalle
D:13:     minmay_the_grid_3x3 [minmay_the_grid_zigzag_pyramid,
          minmay_the_grid_large_cup, minmay_the_grid_doors,
          minmay_the_grid_minigrid_large, minmay_the_grid_garden,
          minmay_the_grid_x, minmay_the_grid_aliased_spiral,
          minmay_the_grid_paths, minmay_the_grid_prize_trominoes],
          layout_small_grid, david_vaults_5, kennysheep_doodads,
          hangedman_glass_teeth
D:14:     layout_loops_cross, serial_bayou, serial_bayou_shore_b,
          serial_bayou_pond_d, serial_bayou_crossing, serial_bayou_pond_e,
          hangedman_abyss_or_decor_stabs, uniq_louise
D:15:     grunt_enter_depths_snipers, layout_basic, serial_shops,
          nicolae_shop_statue_plus, minmay_fountain_box
Lair:1:   layout_chaotic_city, serial_rivers, chequers_serial_rivers_micro_c,
          chequers_serial_rivers_micro_d, chequers_serial_rivers_micro_c,
          chequers_serial_rivers_large_b, chequers_serial_rivers_room_b,
          chequers_serial_rivers_micro_c, kennysheep_rathole
Lair:2:   layout_regular_city, nicolae_snake_entry_warm_welcome,
          grunt_forest_large_clearings, grunt_megastairs_5
Lair:3:   layout_roguey, elwin_shoals_entry_rooms,
          grunt_forest_large_clearing_hut, lemuel_fruit_tree,
          lemuel_fruit_fields
Lair:4:   layout_small_grid, chequers_serial_rivers_small_a,
          infiniplex_staircase_pool
Lair:5:   hellmonk_lair_end_abyssal_woods, layout_gridlike, slime_entry_1,
          uniq_urug
Shoals:1: nicolae_shoals_aurelia_aurita, layout_shoals,
          nicolae_shoals_lost_giant_hut, uniq_kirke, uniq_donald
Shoals:2: layout_shoals, uniq_ilsuiw
Shoals:3: layout_shoals, nicolae_shop_self_help
Shoals:4: shoals_end_grunt_ice, layout_shoals, serial_shops,
          nicolae_shop_advertising_works [nicolae_subvault_shop_adworks]
Snake:1:  layout_cave_pods, portal_ice_cave_entry_pillars_four
Snake:2:  layout_gridlike, library_closet, minmay_shoptagon,
          serial_bayou_shore_a, uniq_aizul, uniq_vashnia, uniq_agnes
Snake:3:  layout_chambers
Snake:4:  hellmonk_snake_rune_quicksilver_temple, layout_cave_town,
          grunt_megastairs_2
Orc:1:    dreamdust_dug_too_deep, layout_caves, serial_shops, shop, basic_altar
Orc:2:    grunt_orc_tribal_feast, layout_caves, gauntlet_entry_generic,
          serial_shops, shop, minmay_orc_temple_a
Elf:1:    eino_elf_arrival_the_gate, layout_geoelf_diagonals,
          regret_index_elf_centigrade, grunt_megastairs_4, uniq_norris
Elf:2:    nicolae_elf_blades_crystal_corner, layout_gridlike,
          nicolae_trove_entry_crystal, serial_shops, nicolae_shop_hallway_plus,
          serial_library_regret_index_boxing, bh_hangedman_babel_library
Elf:3:    nooodl_elf_gasket, layout_geoelf_octagon, serial_shops, shop,
          st_stairs_8, uniq_bai_suzhen
Vaults:1: ontoclasm_vaults_decontamination, v_misc_18,
          nicolae_vaults_library_corner, vaults_room_corners, v_rooms_2,
          grunt_vaults_swirl, nicolae_vaults_house_3, nicolae_vaults_spaceships,
          nicolae_vaults_little_squares_2, ontoclasm_vaults_loading_screen,
          ontoclasm_vaults_idyll, vaults_dpeg_diagonal, vaults_room_pools,
          v_rooms_4, layout_vaults_ring
Vaults:2: nicolae_vaults_storage_room_statues, minmay_crypt_entry_vampire_xt,
          nicolae_vaults_storage_room_doors, v_misc_15,
          nicolae_vaults_shipping_containers_4, hangedman_vaults_impose,
          vaults_room_fancy_cross, nicolae_vaults_stepped_doors,
          dpeg_vaults_monster_row, ontoclasm_vaults_ring_small,
          nicolae_vaults_frosty_reception, vaults_room_hallway,
          vaults_room_large_hall, hangedman_vaults_slice,
          nicolae_vaults_border_crossing, layout_vaults_omnibox, serial_shops,
          nicolae_shop_gibbet_a_chance
Vaults:3: hangedman_vaults_nails, grunt_vaults_focal,
          nicolae_vaults_oval_intersection, v_misc_12, v_misc_28,
          nicolae_vaults_trapezoid_lopsided_2, nicolae_vaults_meiosis,
          v_misc_22, ontoclasm_vaults_hangar, nicolae_vaults_what_the_h,
          nicolae_vaults_sightless_eye, nicolae_vaults_apartment_1,
          ontoclasm_vaults_fault, nicolae_vaults_tetromino_T_1,
          vaults_room_hallway, layout_vaults_omnicross, serial_shops, shop,
          nicolae_shop_back_alley_shop
Vaults:4: advil_vaults_ghost_guards, hangedman_vaults_nails,
          hangedman_vaults_impose, hangedman_vaults_pinch,
          nicolae_vaults_apartment_2, v_alt_pattern_6, nicolae_vaults_prndl,
          nicolae_vaults_house_2, v_misc_19, st_lattice, layout_vaults_omnigrid
Vaults:5: uniq_saint_roka

Skill      XL: |  1  2  3  4  5  6  7  8  9 10 11 12 13 14 15 16 17 18 19 20 21 22 |
---------------+-------------------------------------------------------------------+-----
Fighting       | 2 3 4 5 6 7 9 10 11 12 13 16 18 19 20 21 22 23 | 23.2
Unarmed Combat | 4 5 6 7 9 11 12 13 15 16 17 18 19 20 21 22 | 22.1
Stealth        | 3 6 7 9 |  9.0
Shapeshifting  | 4 6 8 9 10 12 13 14 15 16 17 18 19 20 | 20.8
Dodging        | 3 4 5 6 |  6.9
Evocations     | 1 4 6 7 8 9 |  9.3
Spellcasting   | 2 4 5 7 8 9 11 12 | 12.4
Translocations | 3 5 7 8 |  8.0
Necromancy     | 2 5 6 |  6.8

Action                     |  1- 3 |  4- 6 |  7- 9 | 10-12 | 13-15 | 16-18 | 19-21 | 22-24 || total
---------------------------+-------+-------+-------+-------+-------+-------+-------+-------++-------
  Melee: Unarmed           |    97 |   167 |   336 |   547 |   906 |   721 |  1165 |   287 ||  4226
         Tailslap          |    11 |    15 |    52 |    47 |    52 |    96 |   162 |    33 ||   468
         Punch             |     3 |     3 |     6 |     4 |    24 |    49 |   110 |    37 ||   236
         Constrict         |       |       |       |    73 |   130 |       |       |       ||   203
         Maw               |       |       |       |    33 |       |       |       |       ||    33
         Bite              |       |       |       |       |    34 |    73 |   127 |    25 ||   259
   Cast: Manifold Assault  |       |       |       |       |       |     3 |     6 |       ||     9
         Fugue of the Fall |       |       |       |       |       |       |    26 |     7 ||    33
 Invoke: Serpent's Lash    |       |       |       |     8 |    12 |    14 |    23 |     6 ||    63
         Heavenly Storm    |       |       |       |       |       |     2 |     1 |     2 ||     5
Ability: Lunge             |       |    15 |    27 |    63 |    97 |   141 |   196 |    35 ||   574
         Whirlwind         |       |     2 |    10 |    74 |    81 |   160 |   250 |   117 ||   694
         Caustic Breath    |       |       |     5 |     3 |     3 |     3 |     3 |       ||    17
         Begin Untransform |       |       |       |       |     1 |       |       |       ||     1
         Wall Jump         |       |       |       |       |       |     2 |     5 |       ||     7
  Evoke: Wand              |       |       |       |     2 |       |       |       |       ||     2
         Phial of floods   |       |       |       |       |     1 |       |       |       ||     1
         Condenser vane    |       |       |       |       |       |     1 |       |       ||     1
         Lightning rod     |       |       |       |       |       |       |       |     3 ||     3
         Phantom mirror    |       |       |       |       |       |       |       |     1 ||     1
    Use: Potion            |       |       |     1 |       |       |     4 |     3 |     4 ||    12
         Scroll            |       |       |       |    15 |    16 |     4 |     4 |     8 ||    47
   Stab: Sleeping          |     2 |       |     4 |    15 |    18 |     8 |    27 |     2 ||    76
         Distracted        |       |       |     1 |     2 |     2 |     3 |     3 |     1 ||    12
 Armour: Skin              |    75 |    97 |   176 |   284 |   669 |   411 |   762 |   152 ||  2626
  Dodge: Dodged            |    60 |    67 |   159 |   198 |   278 |   153 |   244 |    65 ||  1224
  Block: Other             |       |       |    56 |    29 |       |       |       |       ||    85
         Reflection        |       |       |     2 |       |       |       |       |       ||     2
   Form: Flux              |       |       |     1 |       |       |       |       |       ||     1
         Serpent           |       |       |       |     2 |       |       |       |       ||     2
         Maw               |       |       |       |     1 |       |       |       |       ||     1
         Dragon            |       |       |       |       |     2 |       |       |       ||     2

Table legend: (Time is in decaauts)
 A = Elapsed time spent in this place.
 B = Non-inter-level travel time spent in this place.
 C = Inter-level travel time spent in this place.
 D = Time resting spent in this place.
 E = Time spent auto-exploring this place.
 F = Levels seen in this place.
 G = Mean time per level.
                   A        B        C        D        E       F      G
               +--------+--------+--------+--------+--------+-----+--------+
         Total |  43319 |  41102 |   2217 |   3766 |  27966 |  42 | 1031.4 |
       Dungeon |  15942 |  14884 |   1058 |    918 |  11352 |  15 | 1062.8 |
          Lair |   6201 |   5800 |    401 |    510 |   3918 |   5 | 1240.2 |
        Shoals |   3859 |   3757 |    102 |    542 |   2305 |   4 |  964.8 |
     Snake Pit |   3938 |   3814 |    124 |    226 |   2758 |   4 |  984.5 |
  Orcish Mines |   1463 |   1365 |     98 |    118 |    902 |   2 |  731.5 |
   Elven Halls |   4348 |   4207 |    141 |    563 |   2483 |   3 | 1449.3 |
        Vaults |   5917 |   5627 |    290 |    493 |   3939 |   5 | 1183.4 |
         Abyss |    595 |    595 |      0 |    233 |      0 |   2 |  297.5 |
      Ice Cave |    642 |    642 |      0 |    144 |    245 |   1 |  642.0 |
      Gauntlet |    411 |    411 |      0 |     17 |     64 |   1 |  411.0 |
               +--------+--------+--------+--------+--------+-----+--------+

Top non-repeatable levels by time:
  Lair:5: 2160 daAuts
Vaults:4: 1843 daAuts
   Elf:1: 1688 daAuts
    D:13: 1674 daAuts
   Elf:2: 1567 daAuts
Vaults:2: 1439 daAuts
 Snake:3: 1436 daAuts
     D:9: 1361 daAuts
     D:6: 1303 daAuts
Vaults:3: 1281 daAuts
Shoals:4: 1256 daAuts
    D:11: 1252 daAuts
     D:7: 1223 daAuts
Vaults:1: 1219 daAuts
    D:12: 1187 daAuts
